Map: Dreamcatcher LE

Players

Majestic - Winner!

  • Race: Protoss Protoss
  • Spawn Location: 11:00

MediamanoEZ

  • Race: Protoss Protoss
  • Spawn Location: 5:00

Event: WCS Valencia 2018

VOD

Have the link to the VOD?

Description

Time

  • Played on: July 12, 2018, 6:59 a.m.
  • Length: 6:33

All games in this series

Show
View Real Time Build Order
Export as new Build Order

Majestic Protoss - Winner!

Build Orders: Blink Stalkers 

Get SALT Encoding   

  12  0:00  Probe  
  13  0:13  Probe  
  14  0:17  Pylon  
  14  0:23  Probe  
  15  0:31  Probe  
  15  0:38  Gateway  
  15  0:39  Probe  
  16  0:47  Assimilator  
  17  0:51  Probe  
  17  0:55  Assimilator  
  18  0:59  Probe  
  19  1:07  Probe  
  20  1:12  Gateway  
  20  1:17  Probe  
  21  1:25  Cybernetics Core  
  21  1:30  Probe  
  22  1:37  Pylon  
  22  1:42  Probe  
  23  1:53  Warp Gate  
  23  1:55  Probe  
  24  2:02  Adept x2  
  28  2:13  Pylon  
  28  2:21  Pylon  
  28  2:31  Stalker  
  28  2:32  Stalker  
  32  2:43  Twilight Council  
  32  3:02  Blink  
  32  3:04  Nexus  
  32  3:10  Stalker  
  34  3:18  Shield Battery  
  32  3:28  Probe  
  31  3:40  Probe  
  32  3:46  Robotics Facility  
  32  3:52  Probe  
  33  4:04  Stalker x2, Probe  
  38  4:12  Gateway  
  38  4:21  Gateway  
  38  4:24  Probe  
  38  4:27  Probe  
  40  4:33  Observer  
  41  4:40  Pylon  
  41  4:41  Stalker  
  41  4:44  Stalker  
  45  4:53  Warp Prism  
  45  4:59  Pylon  
  47  5:05  Stalker  
  49  5:17  Stalker x2  
  53  5:29  Observer  
  53  5:31  Stalker x2  
  53  5:33  Observer  
  58  5:37  Probe x2  
  60  5:48  Pylon  
  60  5:49  Probe  
  62  5:50  Probe  
  62  5:55  Stalker  
  62  5:56  Stalker x2  
  68  6:10  Stalker  
  70  6:12  Stalker  
  72  6:26  Stalker  
  72  6:27  Stalker  
Show
View Real Time Build Order
Export as new Build Order

MediamanoEZ Protoss 

Build Orders: Blink Stalkers 

Get SALT Encoding   

  12  0:01  Probe  
  13  0:13  Probe  
  14  0:22  Pylon  
  14  0:25  Probe  
  15  0:40  Probe  
  15  0:41  Gateway  
  16  0:51  Assimilator  
  16  0:52  Probe  
  16  0:55  Assimilator  
  17  1:04  Probe  
  17  1:08  Gateway  
  18  1:16  Probe  
  19  1:28  Cybernetics Core, Probe  
  20  1:39  Pylon  
  20  1:40  Probe  
  21  1:50  Probe  
  22  1:58  Probe  
  22  2:04  Stalker  
  22  2:06  Sentry  
  22  2:07  Probe  
  27  2:15  Warp Gate  
  28  2:21  Probe  
  29  2:23  Pylon  
  29  2:33  Probe  
  30  2:38  Nexus  
  30  2:45  Stalker  
  31  2:53  Stalker  
  33  3:01  Pylon  
  33  3:11  Pylon  
  33  3:12  Probe  
  34  3:14  Twilight Council  
  29  3:37  Pylon  
  29  3:43  Blink  
  29  3:44  Gateway  
  29  3:46  Gateway  
  29  3:55  Probe  
  30  3:57  Probe  
  31  4:07  Probe  
  31  4:09  Probe  
  33  4:19  Probe, Pylon  
  33  4:21  Probe  
  35  4:24  Stalker  
  37  4:31  Probe  
  38  4:38  Stalker  
  38  4:40  Stalker  
  38  4:42  Probe  
  43  4:47  Probe  
  44  4:54  Stalker  
  44  4:58  Stalker  
  44  4:59  Probe  
  45  5:17  Stalker x3  
  47  5:33  Stalker  
  45  5:44  Pylon  
  45  5:46  Stalker  
  45  5:47  Stalker x2  
  51  5:54  Probe x2  
  53  5:58  Robotics Facility  
  53  6:06  Stalker  
  51  6:12  Stalker x2  
  45  6:26  Stalker  
Tags
 
Add a new tag
Caveats
  • Supply blocks, unpowered buildings, or Contaminate may cause inaccurate times.
  • Supply counts are checked every 10 seconds.